 Dungeon Crawl Stone Soup version 0.28.0 (webtiles) character file.

Game seed: 8384844119119817347

2688 hikkokomori the Fighter (level 9, 0/65 (76) HPs)
             Began as a Formicid Fighter on Feb 8, 2022.
             Was a Priest of Okawaru.
             Slain by Harold (12 damage)
             ... on level 7 of the Dungeon on Feb 9, 2022.
             The game lasted 00:17:12 (9038 turns).

hikkokomori the Fighter (Formicid Fighter)          Turns: 9038, Time: 00:17:13

HP:   0/65 (76)     AC: 13    Str: 23    XL:     9   Next: 96%
MP:   0/9           EV:  6    Int: 16    God:    Okawaru [***...]
Gold: 218           SH:  9    Dex: 10    Spells: 8/8 levels left

rFire   . . .      SeeInvis +   a - +0 quarterstaff
rCold   . . .      Faith    .   x - +0 kite shield
rNeg    . . .      Spirit   +   C - +0 plate armour
rPois   .          Reflect  .   (helmet unavailable)
rElec   .          Harm     .   (no cloak)
rCorr   .          Rampage  .   (no gloves)
Will    +....                   A - +0 pair of boots
Stlth   ..........              y - amulet of guardian spirit
HPRegen 0.20/turn               n - +6 ring of intelligence
MPRegen 0.11/turn               r - ring of willpower

@: mighty, heavily drained
A: permanent stasis, dig shafts and tunnels, antennae 3, four strong arms
a: Dig, Shaft Self, Renounce Religion, Heroism


You were on level 7 of the Dungeon.
You worshipped Okawaru.
Okawaru was most pleased with you.
You visited 1 branch of the dungeon, and saw 8 of its levels.

You collected 267 gold pieces.
You spent 49 gold pieces at shops.

Inventory:

Hand Weapons
 a - a +0 quarterstaff (weapon)
 s - a +0 halberd
Missiles
 o - 2 throwing nets
 B - 2 javelins
 H - 16 arrows
Armour
 b - a +0 scale mail
 c - a +0 buckler
 i - a +2 hat
 x - a +0 kite shield (worn)
 A - a +0 pair of boots (worn)
 C - a +0 plate armour (worn)
Jewellery
 g - a ring of positive energy
 n - a +6 ring of intelligence (left hand)
 r - a ring of willpower (right hand)
 y - an amulet of guardian spirit (around neck)
 F - a ring of protection from fire
Wands
 j - a wand of iceblast (7)
 w - a wand of flame (17)
 J - a wand of acid (5)
Scrolls
 e - 3 scrolls of immolation
 h - 5 scrolls of teleportation
 q - a scroll of vulnerability
 t - 3 scrolls of fear
 z - a scroll of acquirement {unknown}
 E - a scroll of holy word {unknown}
 I - a scroll of identify
Potions
 d - a potion of might
 f - a potion of cancellation
 k - 2 potions of degeneration
 l - 2 potions of attraction {unknown}
 m - 3 potions of flight
 p - a potion of brilliance
 u - a potion of lignification
 v - a potion of magic
 D - a potion of haste {unknown}
 G - a potion of resistance {unknown}


   Skills:
 + Level 9.0 Fighting
 + Level 6.1(6.8) Polearms
 - Level 4.6(6.1) Staves
 + Level 5.2 Armour
 - Level 2.0 Dodging
 + Level 7.4 Shields


You had 8 spell levels left.
You didn't know any spells.
Your spell library contained the following spells:

 Spells                   Type           Power      Damage    Failure   Level
 Slow                     Hex            0%         N/A       100%        1
 Confusing Touch          Hex            0%         N/A       100%        3
 Gell's Gravitas          Tloc           0%         N/A       100%        3
 Portal Projectile        Hex/Tloc       0%         N/A       100%        3
 Teleport Other           Tloc           0%         N/A       100%        3
 Vampiric Draining        Necr           0%         2d6       100%        3
 Leda's Liquefaction      Hex/Erth       0%         N/A       100%        4
 Dispersal                Tloc           0%         N/A       100%        6
 Call Canine Familiar     Summ           Unusable   N/A       N/A         3

Dungeon Overview and Level Annotations

Branches:
Dungeon (8/15)             Temple (0/1) D:5
   Lair: D:8-11

Altars:
Cheibriados
Okawaru
Ru
Trog
Beogh

Shops:
D:2 *   D:4 [

Annotations:
D:5 3 runed translucent doors, indyram44's ghost, amateur MiFi
D:7 Harold


Innate Abilities, Weirdness & Mutations

You cannot be hasted, slowed, berserked, paralysed or teleported.
You can dig through walls and to a lower floor.
You have a pair of large antennae on your head. (SInv)
Your four strong arms can wield two-handed weapons with a shield.


Message History

Unknown command.
You fail to use your ability.
Harold grumbles, "Just give up already, I want to go home!"
You block Harold's attack.
You hit Harold but do no damage. You block Harold's attack.
You hit Harold but do no damage. You block Harold's attack.
You hit Harold but do no damage. Harold completely misses you.
You hit Harold.
Harold is lightly wounded.
Harold hits you with a +0 hand axe.
You hit Harold but do no damage.
Harold is lightly wounded.
Harold hits you with a +0 hand axe!! You block Harold's attack.
You hit Harold.
Harold is lightly wounded.
Harold hits you with a +0 hand axe!
You barely miss Harold.
Harold is lightly wounded.
You block Harold's attack.
You hit Harold.
Harold is lightly wounded.
Harold points at you and mumbles some strange words.
You barely resist.
You feel very mighty all of a sudden. You block Harold's attack.
You sock Harold!
Harold is moderately wounded.
Harold hits you with a +0 hand axe!
* * * LOW HITPOINT WARNING * * *
You bludgeon Harold!!
Harold is heavily wounded.
Harold hits you with a +0 hand axe!
* * * LOW HITPOINT WARNING * * *
You hit Harold but do no damage.
Harold is heavily wounded.
Harold completely misses you.
You barely miss Harold.
Harold is heavily wounded.
Harold hits you with a +0 hand axe!
You die...

#.# .......# # #.# .#
#..#######..## #.# .#
#............. #.# .#
##.###.###.### #.#
.### #.# #.#
#.######?##.##)# #.#
......[..#...#.# #.#
......##..)....###.##
...##.##......<.@...#
....#.##.<.....@##.##
.>..#.##.#....#.####
....#.##..#.#...#
...##.##..#.##.##
.......#.....#.
#####..@.... #.#
#####.@##@## #.
...##<.#...#.


You could see Harold.

Vanquished Creatures
  2 water moccasins
  An ice beast (D:5)
  2 black bears
  An orc warrior (D:6)
  A necrophage (D:4)
  An ogre (D:5)
  A centaur (D:8)
  A phantom (D:5)
  Blork the orc (D:5)
  A kobold brigand (D:6)
  A bullfrog (D:6)
  2 scorpions (D:5)
  A water moccasin zombie (D:5)
  2 water moccasin skeletons
  3 killer bees (D:5)
  A vampire bat (D:4)
  4 wights
  4 bullfrog zombies
  2 centaur zombies
  A centaur skeleton (D:5)
  5 hounds
  3 orc priests
  A bullfrog skeleton (D:5)
  Jessica (D:3)
  2 iguanas
  A gnoll shaman (D:5)
  2 orc wizards
  A killer bee zombie (D:7)
  4 gnolls
  10 adders
  A shadow imp (D:5)
  A white imp (D:5)
  3 worms
  A dart slug (D:3)
  3 fire bats (D:4)
  11 orcs
  2 spectral bats (D:4)
  5 ball pythons
  3 bat skeletons (D:4)
  A bat zombie (D:4)
  6 endoplasms
  3 giant cockroaches
  9 goblins
  8 hobgoblins
  4 jackals
  18 kobolds
  4 quokkas
  9 bats (D:4)
  A bat simulacrum (D:4)
  5 frilled lizards
  5 rats
166 creatures vanquished.

Notes
Turn   | Place    | Note
-------+----------+-------------------------------------------
     0 | D:1      | hikkokomori the Formicid Fighter began the quest for the
                  | Orb.
     0 | D:1      | Reached XP level 1. HP: 18/18 MP: 1/1
   394 | D:1      | Reached XP level 2. HP: 24/24 MP: 2/2
   881 | D:1      | Found a faded altar of an unknown god.
  1114 | D:2      | Reached XP level 3. HP: 30/30 MP: 3/3
  1276 | D:2      | Reached skill level 4 in Fighting
  1901 | D:2      | Reached XP level 4. HP: 32/37 MP: 4/4
  2483 | D:2      | Reached XP level 5. HP: 42/43 MP: 5/5
  2540 | D:2      | Found Dinuam's General Store.
  2683 | D:3      | Found an iron altar of Okawaru.
  2685 | D:3      | Noticed Jessica
  2689 | D:3      | Killed Jessica
  2690 | D:3      | Reached skill level 5 in Fighting
  2701 | D:3      | Became a worshipper of Warmaster Okawaru
  3068 | D:3      | Found a bloodstained altar of Trog.
  3091 | D:3      | Reached XP level 6. HP: 49/51 MP: 6/6
  3707 | D:4      | Noticed a black bear
  3721 | D:4      | Killed a black bear
  3721 | D:4      | Reached * piety under Okawaru
  3722 | D:4      | Reached skill level 6 in Fighting
  3722 | D:4      | Reached skill level 1 in Polearms
  3722 | D:4      | Reached XP level 7. HP: 39/58 MP: 7/7
  4021 | D:4      | Reached skill level 1 in Dodging
  4642 | D:4      | Reached ** piety under Okawaru
  4643 | D:4      | Reached XP level 8. HP: 58/65 MP: 8/8
  4691 | D:4      | Found a sacrificial altar of Ru.
  4691 | D:4      | Found a snail-covered altar of Cheibriados.
  5116 | D:4      | Found Oqumukacw's Armour Emporium.
  5124 | D:4      | Bought a +0 kite shield for 49 gold pieces
  5242 | D:5      | Entered Level 5 of the Dungeon
  5267 | D:5      | Reached skill level 7 in Fighting
  5540 | D:5      | HP: 3/67 [poisoned by a water moccasin]
  5554 | D:5      | HP: 3/67 [poisoned by a water moccasin]
  6023 | D:5      | Noticed Blork the orc
  6037 | D:5      | Killed Blork the orc
  6038 | D:5      | Reached skill level 5 in Shields
  6299 | D:5      | Reached XP level 9. HP: 73/74 MP: 9/9
  6337 | D:5      | Identified the +5 hand axe "Caicapridy" {vorpal, rC++
                  | Int+4}
  6337 | D:5      | Identified the +4 ring mail of the Turtledove {rF+ Will+}
  6338 | D:5      | Found a runed translucent gate.
  6338 | D:5      | Noticed indyram44's ghost (amateur MiFi)
  6338 | D:5      | Identified the +14 plate armour of Jogo {Rampage Regen+}
  6339 | D:5      | Found a runed translucent gate.
  6340 | D:5      | Found a runed translucent gate.
  6355 | D:5      | Reached skill level 8 in Fighting
  6617 | D:5      | Reached skill level 5 in Polearms
  6674 | D:5      | Found a staircase to the Ecumenical Temple.
  7096 | D:6      | Reached *** piety under Okawaru
  8166 | D:7      | Noticed Harold
  8185 | D:7      | Reached skill level 5 in Armour
  8189 | D:7      | You fall into a shaft and drop 1 floor!
  8551 | D:7      | Reached skill level 9 in Fighting
  9038 | D:7      | Slain by Harold

Illustrated notes

Levels and vault maps discovered:
D:1:      dpeg_arrival_leaves_temple_mockup, layout_loops_corners,
          shapermc_ecumenical_altar_mp_vishouse, minmay_pentomino_o2
D:2:      layout_loops_cross, serial_shops, shop, serial_park_tiny_2
D:3:      layout_loops_ring, okawaru_ov_weapons_minmay, trog_hazing_becter,
          grunt_ministairs_8, minivault_25, cheibrodos_gnoll_hut, uniq_jessica
D:4:      layout_loops_cross, gammafunk_temple_overflow_statue, serial_shops,
          nicolae_shop_waterfront, goddamned_bats
D:5:      layout_loops_cross, temple_statues, biasface_ghost_orc_armoury,
          uniq_blork_the_orc
D:6:      layout_basic, hangedman_decor_lopped
D:7:      layout_loops_ring, uniq_pikel, uniq_harold
D:8:      layout_cave_pools, mainiacjoe_overflow_alcove_1,
          nzn_wu_jian_contemplation

Skill      XL: |  1  2  3  4  5  6  7  8  9 |
---------------+----------------------------+-----
Fighting       | 4 5 6 7 9 |  9.0
Staves         | 3 4 |  4.6
Polearms       | 1 2 4 6 |  6.1
Dodging        | 1 2 |  2.0
Armour         | 4 5 |  5.2
Shields        | 5 7 |  7.4

Action                   |  1- 3 |  4- 6 |  7- 9 || total
-------------------------+-------+-------+-------++-------
Melee: Quarterstaff      |    76 |   133 |   448 ||   657
Invok: Heroism           |       |       |     4 ||     4
 Abil: Shaft Self        |       |       |     1 ||     1
  Use: Scroll            |     2 |       |     8 ||    10
       Potion            |     1 |       |     4 ||     5
Armor: Scale mail        |    15 |    54 |   138 ||   207
       Plate armour      |       |       |    92 ||    92
Dodge: Dodged            |    27 |    58 |   207 ||   292
Block: Buckler           |    13 |    33 |    43 ||    89
       Kite shield       |       |       |   148 ||   148
